 Seeded DCSS version 0.30-a0-1066-g63dfefce0d (webtiles) character file.

Game seed: 13020561292390072626 (custom seed)

14 Pimp the Insei (level 2, -3/18 HPs)
             Began as an Octopode Transmuter on Apr 12, 2023.
             Slain by Natasha (5 damage)
             ... on level 2 of the Dungeon.
             The game lasted 00:02:03 (878 turns).

Pimp the Insei (Octopode Transmuter)                 Turns: 878, Time: 00:02:04

Health: -3/18      AC:  1    Str:  9    XL:     2   Next: 45%
Magic:  4/5        EV: 13    Int: 15    God:
Gold:   22         SH:  0    Dex: 12    Spells: 4/5 levels left

rFire   . . .      SeeInvis .      - Unarmed
rCold   . . .      Faith    .    (no shield)
rNeg    . . .      Spirit   .    (helmet currently unavailable)
rPois   .          Reflect  .    (no amulet)
rElec   .          Rampage  .    (no ring)
rCorr   .                        (no ring)
Will    .....                    (no ring)
Stlth   ++                       (no ring)
HPRegen 0.23/turn                (no ring)
MPRegen 0.09/turn                (no ring)
                                 (no ring)
                                 (no ring)

@: appendages
A: tentacle spike 3, almost no armour, amphibious, 8 rings, camouflage 1,
gelatinous body 1, (nimble swimmer 1), tentacles
a: End Transformation


You were on level 2 of the Dungeon.
One of your tentacles had grown a beastly spike.
You visited 1 branch of the dungeon, and saw 2 of its levels.

You collected 22 gold pieces.

Inventory:

Scrolls
 b - a scroll of magic mapping {unknown}
 e - a scroll of silence {unknown}
 f - a scroll of enchant armour {unknown}
 g - a scroll of noise {unknown}
 h - a scroll of blinking {unknown}
 i - a scroll of teleportation {unknown}
 j - a scroll of brand weapon {unknown}
Potions
 a - a potion of lignification
 c - a potion of might {unknown}
 d - 2 potions of cancellation {unknown}
 k - a potion of mutation {unknown}


   Skills:
 + Level 1.2 Fighting
 + Level 2.2 Dodging
 + Level 0.7 Stealth
 + Level 3.1 Unarmed Combat
 + Level 2.1 Spellcasting
 + Level 2.1 Transmutations


You had 4 spell levels left.
You knew the following spells:

 Your Spells              Type           Power      Damage    Failure   Level
a - Beastly Appendage     Tmut           16%        N/A       9%          1

Your spell library contained the following spells:

 Spells                   Type           Power      Damage    Failure   Level
 Sting                    Tmut/Pois      16%        1d3       14%         1
 Wereblood                Tmut           8%         N/A       14%         2
 Kiss of Death            Conj/Necr      4%         2d5       22%         1
 Spider Form              Tmut/Pois      4%         N/A       38%         3
 Vampiric Draining        Necr           1%         2d6       54%         3
 Ice Form                 Ice/Tmut       4%         N/A       80%         4
 Animate Dead             Necr           1%         N/A       91%         4
 Yara's Violent Unravell  Hex/Tmut       2%         3d3       98%         5
 Storm Form               Tmut/Air       2%         N/A       100%        7


Dungeon Overview and Level Annotations

Branches:
Dungeon (2/15)

Altars:

Annotations:
D:2 Natasha


Innate Abilities, Weirdness & Mutations

One of your tentacles has grown a beastly spike.
You cannot wear most types of armour.
You are amphibious.
You can wear up to eight rings at the same time.
Your skin changes colour to match your surroundings (Stealth+).
Your rubbery body absorbs attacks. (AC +1, EV +1)
((You are camouflaged when in or above water. (Stealth+)))
You have tentacles for arms and can constrict up to eight enemies at once.


Message History

You kill the kobold!
Things that are here:
a +0 club; a stone; a kobold corpse Your transformation is almost over.
Your tentacle spike disappears.
Done exploring.
Done exploring.
Done exploring.
There is a stone staircase leading down here.
You climb downwards.
There is a stone staircase leading up here.
j - a scroll labelled EHOQAYR HEEKOD
k - a sedimented dark potion Natasha, Servant of Life and Death comes into view.
Found a leather armour.
Natasha is nearby!
Found a fizzy yellow potion.
Natasha casts a spell at you. The magic dart hits you!
Casting: Beastly Appendage (safe; 9% risk of failure)
Confirm with . or Enter, or press ? or * to list all spells.
One of your tentacles grows a vicious spike.
Natasha stares at you and mumbles some strange words.
The magic dart hits you!
Ouch! That really hurt!
* * * LOW HITPOINT WARNING * * *
You tentacle-slap Natasha but do no damage.
You grab Natasha.
You pierce Natasha.
Natasha is moderately wounded.
You constrict Natasha. Natasha claws you but does no damage.
You tentacle-slap Natasha but do no damage.
You pierce Natasha, but do no damage.
Natasha is moderately wounded.
You constrict Natasha.
Natasha mumbles some strange words.
You tentacle-slap Natasha but do no damage.
You pierce Natasha, but do no damage.
Natasha is moderately wounded.
You constrict Natasha. Natasha claws you.
You die...

####.# ....[
#...### #...#!.
#...#.# #...#.#
#####...#.# ##
#.......!5##...#
#.###....@h..# #.#
#..#####....# #.#
#..# #.# #.# #..#
#.####.###..######
#.................
######.###########
###.# #...#


You could see Natasha and a cerulean imp (summoned).

Vanquished Creatures
  A dart slug (D:1)
  An endoplasm (D:1)
  2 goblins (D:1)
  2 hobgoblins (D:1)
  A kobold (D:1)
  2 ball pythons (D:1)
  A bat (D:1)
  A frilled lizard (D:1)
  A rat (D:1)
12 creatures vanquished.

Notes
Turn   | Place    | Note
-------+----------+-------------------------------------------
     0 | D:1      | Pimp the Octopode Transmuter began the quest for the Orb.
     0 | D:1      | Reached XP level 1. HP: 13/13 MP: 3/3
    45 | D:1      | Identified a scroll of acquirement
    45 | D:1      | Acquired the Encyclopedia of Rotting Moulding
   455 | D:1      | Reached XP level 2. HP: 17/18 MP: 5/5
   871 | D:2      | Noticed Natasha
   878 | D:2      | Slain by Natasha

Illustrated notes

Levels and vault maps discovered:
D:1:      lightli_arrival_lavapool, layout_basic
D:2:      layout_loops_ring, uniq_natasha

Action                     || total
---------------------------++-------
  Melee: Unarmed           ||    37
         Tentacles         ||     6
         Constrict         ||     8
         Kick              ||     5
         Punch             ||     1
   Cast: Beastly Appendage ||     5
    Use: Scroll            ||     1
   Stab: Sleeping          ||     3
 Armour: Skin              ||     7
  Dodge: Dodged            ||    30

Table legend: (Time is in decaauts)
 A = Elapsed time spent in this place.
 B = Non-inter-level travel time spent in this place.
 C = Inter-level travel time spent in this place.
 D = Time resting spent in this place.
 E = Time spent auto-exploring this place.
 F = Levels seen in this place.
 G = Mean time per level.
                   A        B        C        D        E       F      G
               +--------+--------+--------+--------+--------+-----+--------+
         Total |    875 |    854 |     21 |     10 |    699 |   2 |  437.5 |
       Dungeon |    875 |    854 |     21 |     10 |    699 |   2 |  437.5 |
               +--------+--------+--------+--------+--------+-----+--------+

Top non-repeatable levels by time:
     D:1: 839 daAuts
     D:2: 36 daAuts
